 Dungeon Crawl Stone Soup version 0.21.1-1-g345015f (webtiles) character file.

1566 Goblin1989 the Cutter (level 8, -3/61 HPs)
             Began as a Demonspawn Chaos Knight on Feb 19, 2018.
             Killed from afar by a gargoyle (21 damage)
             ... with a stone arrow
             ... on level 7 of the Dungeon.
             The game lasted 00:16:59 (6275 turns).

Goblin1989 the Cutter (Demonspawn Chaos Knight)     Turns: 6275, Time: 00:17:00

Health: -3/61      AC:  5    Str: 16    XL:     8   Next: 59%
Magic:  0/11       EV: 14    Int: 14    God:    Xom [*.....]
Gold:   388        SH:  0    Dex: 20    Spells: 10/11 levels left

rFire    . . .     SeeInvis .   a - +0 short sword (chaos)
rCold    . . .     Gourm    .   (no shield)
rNeg     . . .     Faith    .   b - +2 leather armour
rPois    .         Spirit   +   (helmet restricted)
rElec    .         Reflect  .   (no cloak)
rCorr    .         Harm     .   (no gloves)
MR       .....                  (no boots)
Stlth    +++.......             (no amulet)
HPRegen  0.20/turn              l - +4 ring of strength
MPRegen  0.12/turn              w - +5 ring of dexterity

@: no status effects
A: horns 1, talons 1, icy blue scales 1, blink, deformed body, spiny 1, magic
shield, subdued magic 1
a: Blink, Renounce Religion


You were on level 7 of the Dungeon.
You worshipped Xom.
You were a special plaything of Xom.
You were not hungry.

You visited 1 branch of the dungeon, and saw 7 of its levels.

You collected 388 gold pieces.

Inventory:

Hand Weapons
 a - a +0 short sword of chaos (weapon)
 J - a +2 flail of draining
 R - a +0 falchion of electrocution
Missiles
 j - 210 stones (quivered)
 p - 61 sling bullets
 u - 12 bolts
 y - 121 arrows
Armour
 b - a +2 leather armour (worn)
 K - a +0 scale mail
Jewellery
 c - an uncursed ring of protection from cold
 l - a +4 ring of strength (left hand)
 w - a +5 ring of dexterity (right hand)
 Q - an uncursed ring of magical power
Wands
 E - a wand of enslavement (16)
 I - a wand of iceblast (5)
 Z - a wand of digging (11)
Scrolls
 f - a scroll of blinking {unknown}
 g - 6 scrolls of identify {unknown}
 h - a scroll of fear {unknown}
 k - 7 scrolls of remove curse {unknown}
 m - 2 scrolls of enchant weapon {unknown}
 r - 3 scrolls of amnesia {unknown}
 C - 3 scrolls of magic mapping {unknown}
 M - 2 scrolls of random uselessness {unknown}
 O - 2 scrolls of fog {unknown}
 S - 2 scrolls of holy word {unknown}
 T - a scroll of noise {unknown}
Potions
 n - a potion of agility {unknown}
 o - 2 potions of ambrosia {unknown}
 t - 6 potions of curing {unknown}
 x - 2 potions of haste {unknown}
 B - a potion of flight {unknown}
 L - 2 potions of invisibility {unknown}
 U - 4 potions of heal wounds {unknown}
 V - a potion of brilliance {unknown}
 Y - a potion of degeneration {unknown}
Books
 A - a book of Maledictions

   Spells                             Type                      Level
   a - Corona                         Hexes                        1
   b - Ensorcelled Hibernation        Hexes/Ice                    2
   c - Confuse                        Hexes                        3
   d - Tukima's Dance                 Hexes                        3
   e - Dazzling Spray                 Conjuration/Hexes            3
 P - a book of Misfortune

   Spells                             Type                      Level
   a - Confusing Touch                Hexes                        1
   b - Confuse                        Hexes                        3
   c - Gell's Gravitas                Translocation                3
   d - Petrify                        Transmutation/Earth          4
   e - Metabolic Englaciation         Hexes/Ice                    5
   f - Yara's Violent Unravelling     Hexes/Transmutation          5
 W - a book of Minor Magic

   Spells                             Type                      Level
   a - Magic Dart                     Conjuration                  1
   b - Blink                          Translocation                2
   c - Call Imp                       Summoning                    2
   d - Slow                           Hexes                        2
   e - Conjure Flame                  Conjuration/Fire             3
   f - Mephitic Cloud                 Conjuration/Poison/Air       3
Comestibles
 e - 16 rations


   Skills:
 + Level 4.8 Fighting
 * Level 6.6 Short Blades
 + Level 3.5 Armour
 + Level 3.4 Dodging
 + Level 3.6 Stealth
 + Level 2.3 Spellcasting
 + Level 2.4 Hexes


You had 10 spell levels left.
You knew the following spells:

 Your Spells              Type           Power        Failure   Level  Hunger
a - Confusing Touch       Hex            #.....       8%          1    #......


Dungeon Overview and Level Annotations

Branches:
Dungeon (7/15)             Temple (0/1) D:7

Altars:
Cheibriados
Dithmenos
Fedhas
Nemelex Xobeh
Okawaru
Qazlal
Vehumet


Innate Abilities, Weirdness & Mutations

You have sharp toenails.
You are partially covered in icy blue scales. (AC +2)
You are partially covered in sharp spines.
When hurt, damage is shared between your health and your magic reserves.
You have a pair of small horns on your head.
You can translocate small distances at will.
Armour fits poorly on your strangely shaped body.
Your spells are a little easier to cast, but a little less powerful.


Message History

No target in view!
You now have 363 gold pieces (gained 10).
Key pressed, stopping explore.
Key pressed, stopping explore.
T - a scroll labeled TIUX EL YNE Key pressed, stopping explore.
You now have 370 gold pieces (gained 7).
j - 210 stones (gained 21) Eating one of 5 chunks of flesh.
You eat one of the 5 chunks of flesh.
This raw flesh tastes terrible.
e - 15 rations (gained 1)
A shadow imp comes into view.
The shadow imp shouts, "Embrace submission, thou fulsome toad-spotted swadder!"
The shadow imp is struck by your spines.
The shadow imp barely misses you.
You closely miss the shadow imp. You claw the shadow imp.
Your headbutt misses the shadow imp.
The shadow imp is almost dead.
The shadow imp hits you.
You take 1 damage, and have 60/61 hp.
You barely miss the shadow imp.
You kill the shadow imp!
No target in view!
No target in view!
No target in view!
No target in view!
No target in view!
No target in view!
No target in view!
No target in view!
No target in view!
No target in view!
No target in view!
r - 3 scrolls labeled FEOM ZINOUNA (gained 1) Health restored: 61
e - 16 rations (gained 1)
You now have 388 gold pieces (gained 18).
All of the chunks of flesh in your inventory have rotted away.
Key pressed, stopping explore.
There is a stone staircase leading down here.
A gargoyle comes into view. It is wielding a morningstar.
A gargoyle is nearby!
A gargoyle is nearby!
Xom's power touches on you for a moment.
You hear the chiming of a distant gong.
A gargoyle comes into view. It is wielding a dire flail.
You hit the gargoyle but do no damage.
You headbutt the gargoyle, but do no damage.
The gargoyle disappears!
A gargoyle comes into view. It is wielding a mace.
The gargoyle is struck by your spines. The gargoyle completely misses you.
You barely miss the gargoyle.
You claw the gargoyle, but do no damage.
You headbutt the gargoyle.
The gargoyle is moderately damaged.
The gargoyle hits you with a dire flail!
You take 11 damage, and have 50/61 hp.
You now have 10/11 mp.
You hit the gargoyle but do no damage. Your kick misses the gargoyle.
The gargoyle is moderately damaged.
The gargoyle hurls a stone arrow at you.
The stone arrow hits you!
You take 18 damage, and have 32/61 hp.
MASSIVE DAMAGE!!
You now have 7/11 mp.
You are too injured to fight recklessly!
You are too injured to fight recklessly!
You are too injured to fight recklessly!
You are too injured to fight recklessly!
You are too injured to fight recklessly!
You are too injured to fight recklessly!
You are too injured to fight recklessly!
You are too injured to fight recklessly!
You are too injured to fight recklessly!
You are too injured to fight recklessly!
You are too injured to fight recklessly!
You are too injured to fight recklessly!
You are too injured to fight recklessly!
You are too injured to fight recklessly!
You are too injured to fight recklessly!
You are too injured to fight recklessly!
You are too injured to fight recklessly!
You are too injured to fight recklessly!
You are too injured to fight recklessly!
You are too injured to fight recklessly!
You are too injured to fight recklessly!
You are too injured to fight recklessly!
You are too injured to fight recklessly!
You are too injured to fight recklessly!
You are too injured to fight recklessly!
Unknown command.
The gargoyle hurls a stone arrow at you.
The stone arrow hits you!
* * * LOW HITPOINT WARNING * * *
A shower of butterflies erupts from you!
You take 15 damage, and have 17/61 hp.
MASSIVE DAMAGE!!
You now have 4/11 mp.
You swap places.
The gargoyle barely misses your butterfly.
The gargoyle misses your butterfly.
The gargoyle hurls a stone arrow at you.
The stone arrow hits you!
You die...
Xom is highly amused! ...█...█..██ █.....█ █.......██ █.█.█.█.█.█ █8...8█ ██....).███ ...█...█.██ ███████

█......... █...█...█
██......... █.█.█.█..█
█████████.████...██
█...█...██████......█..██
███..█
..██████.██..............██
█..█ . █.....██...██.......██
██.. █....███8..@8███.███..██
█..
........█8██...██8█..███..████.
.......███∆.....∆███.█ ██..██..
.........█!█..b..b.█8█.█
██.....
.........██∆....9..∆██.█ █.....
.........██....89b..██.█ █..█..
.........██∆.....b.∆██.█
██.████
.........█8█.......█$█.█ █..█ █
.........███▲.....∆███.█


█████ You could see 2 gargoyles.

Vanquished Creatures
  2 sky beasts
  An orc warrior (D:5)
  3 ogres
  A centaur (D:7)
  2 bullfrogs
  A water moccasin zombie (D:6)
  A scorpion (D:5)
  A crimson imp (D:6)
  2 hounds
  A jelly (D:5)
  3 orc priests
  4 orc wizards
  A centaur skeleton (D:5)
  2 iguanas
  5 worker ants
  A hound skeleton (D:4)
  3 gnolls (D:6)
  A howler monkey skeleton (D:5)
  3 adders
  3 shadow imps
  An ooze (D:3)
  An adder skeleton (D:7)
  2 worms
  7 leopard geckos
  16 orcs
  3 ball pythons
  12 bats
  4 giant cockroaches
  6 goblins
  8 hobgoblins
  8 jackals
  11 kobolds
  3 quokkas
  5 frilled lizards
  A leopard gecko skeleton (D:4)
  2 leopard gecko zombies
  A quokka zombie (D:5)
  6 rats
138 creatures vanquished.

Notes
Turn   | Place    | Note
-------+----------+-------------------------------------------
     0 | D:1      | Goblin1989 the Demonspawn Chaos Knight began the quest for the Orb.
     0 | D:1      | Reached XP level 1. HP: 18/18 MP: 1/1
    45 | D:1      | Reached skill level 3 in Short Blades
    92 | D:1      | Gained mutation: When hurt, damage is shared between your health and your magic reserves. [demonic ancestry]
    92 | D:1      | Reached XP level 2. HP: 24/24 MP: 2/2
   204 | D:1      | XOM: mild Air miscast
   309 | D:1      | XOM: divination: detect creatures
   845 | D:1      | Gained mutation: You are partially covered in sharp spines. [demonic ancestry]
   845 | D:1      | Reached XP level 3. HP: 25/29 MP: 3/3
   884 | D:1      | XOM: harmless Hex miscast
  1312 | D:2      | XOM: divination: detect creatures
  1341 | D:2      | Reached skill level 4 in Short Blades
  1639 | D:2      | Found a shadowy altar of Dithmenos.
  1639 | D:2      | Found a radiant altar of Vehumet.
  1644 | D:2      | Found a blossoming altar of Fedhas.
  1646 | D:2      | Found a snail-covered altar of Cheibriados.
  1647 | D:2      | Found a stormy altar of Qazlal.
  1709 | D:2      | Found a sparkling altar of Nemelex Xobeh.
  1733 | D:2      | Reached skill level 1 in Dodging
  2043 | D:3      | XOM: butterfly on damage
  2058 | D:3      | XOM: scenery: 1 doors open
  2173 | D:2      | XOM: give mutations
  2173 | D:2      | Gained mutation: Armour fits poorly on your strangely shaped body. [Xom's mischief]
  2173 | D:2      | Gained mutation: Your spells are a little easier to cast, but a little less powerful. [Xom's mischief]
  2294 | D:3      | Reached XP level 4. HP: 22/35 MP: 2/4
  2300 | D:2      | XOM: give mutations
  2300 | D:2      | Gained mutation: You can translocate small distances at will. [Xom's grace]
  2300 | D:2      | Gained mutation: You have a pair of small horns on your head. [Xom's grace]
  2416 | D:2      | Reached skill level 1 in Stealth
  2498 | D:3      | Reached XP level 5. HP: 39/41 MP: 5/5
  3112 | D:4      | Noticed an ogre
  3125 | D:4      | Killed an ogre
  3186 | D:4      | Found an iron altar of Okawaru.
  3196 | D:4      | Reached skill level 5 in Short Blades
  3211 | D:4      | Gained mutation: You are partially covered in icy blue scales. (AC +2) [demonic ancestry]
  3211 | D:4      | Reached XP level 6. HP: 48/48 MP: 6/6
  3340 | D:4      | You fall through a shaft for 2 floors!
  3420 | D:6      | Noticed a sky beast
  3423 | D:6      | XOM: confuse monster(s)
  3425 | D:5      | Entered Level 5 of the Dungeon
  3608 | D:4      | XOM: god gift: 12 gold pieces {god gift}
  3868 | D:4      | XOM: silly message
  3871 | D:4      | Learned a level 1 spell: Confusing Touch
  3950 | D:5      | XOM: 2-stop teleportation journey
  3994 | D:5      | Noticed an orc warrior
  4002 | D:5      | Killed an orc warrior
  4002 | D:5      | Reached XP level 7. HP: 54/54 MP: 7/7
  4037 | D:5      | XOM: 2-stop teleportation journey
  4206 | D:5      | Reached skill level 1 in Hexes
  4251 | D:5      | Reached skill level 1 in Spellcasting
  4434 | D:5      | XOM: cast spell 'Summon Mana Viper'
  4819 | D:5      | XOM: harmless Ice miscast
  5007 | D:6      | Reached skill level 6 in Short Blades
  5129 | D:6      | Gained mutation: You have sharp toenails. [demonic ancestry]
  5129 | D:6      | Reached XP level 8. HP: 55/61 MP: 8/10
  5544 | D:7      | XOM: noise
  5857 | D:7      | Goblin1989: Не хочет ксом на меня хорошие мутации накладывать чего-тоъ
  5858 | D:7      | Found a staircase to the Ecumenical Temple.
  6012 | D:7      | XOM: mild Air miscast
  6260 | D:7      | Noticed a gargoyle
  6262 | D:7      | XOM: mild Hex miscast
  6263 | D:7      | Noticed a gargoyle
  6265 | D:7      | Noticed a gargoyle
  6270 | D:7      | XOM: butterfly on damage
  6275 | D:7      | Killed from afar by a gargoyle

Skill      XL: |  1  2  3  4  5  6  7  8 |
---------------+-------------------------+-----
Short Blades   | 3 4 5 6 |  6.6
Dodging        | 1 2 3 |  3.4
Stealth        | 1 2 3 |  3.6
Armour         | 2 3 |  3.5
Fighting       | 4 |  4.8
Hexes          | 1 2 |  2.4
Spellcasting   | 1 2 |  2.3

Action                   |  1- 3 |  4- 6 |  7- 9 || total
-------------------------+-------+-------+-------++-------
Melee: Short sword       |   147 |    87 |   105 ||   339
       Headbutt          |       |    21 |    32 ||    53
       Kick              |       |       |    16 ||    16
 Cast: Confusing Touch   |       |       |     2 ||     2
Evoke: Wand              |       |     2 |       ||     2
 Stab: Sleeping          |     1 |     7 |     6 ||    14
       Paralysed         |       |     1 |       ||     1
       Petrifying        |       |       |     1 ||     1
       Distracted        |       |       |     1 ||     1
  Eat: Chunk             |     4 |     6 |     7 ||    17
Armor: Leather armour    |    48 |    18 |    19 ||    85
Dodge: Dodged            |   100 |    44 |    51 ||   195

Vault maps used:
D:1:      onia_arrival_mini_maze_b, minivault_11
D:2:      nemelex_xobeh_ov_fountains_minmay, chequers_temple_overflow_minitemple
D:3:      first_ration
D:4:      nrook_mini_vaults, okawaru_metal_pillars_1_2
D:7:      cheibrodos_statue_roulette, minmay_temple_entry_fiery,
          kennysheep_doodads
